 Dungeon Crawl Stone Soup version 0.29.1-1-gd02db6906a (webtiles) character file.

Game seed: 715187668343339716

14812 MisterFreud the Cruncher (level 12, 0/97 HPs)
             Began as a Formicid Gladiator on Oct 4, 2022.
             Was an Initiate of Yredelemnul.
             Slain by a skeletal warrior
             ... wielding a +0 war axe
              (12 damage)
             ... on level 10 of the Dungeon.
             The game lasted 00:20:40 (13478 turns).

MisterFreud the Cruncher (Formicid Gladiator)      Turns: 13478, Time: 00:20:41

Health: 0/97       AC: 15    Str: 23    XL:     12   Next: 49%
Magic:  16/19      EV: 15    Int: 11    God:    Yredelemnul [......]
Gold:   638        SH:  0    Dex: 17    Spells: 11/11 levels left

rFire   . . .      SeeInvis +   b - +5 quarterstaff (drain)
rCold   . . .      Faith    .   (no shield)
rNeg    + . .      Spirit   .   C - +1 scale mail "Iddeij" {rPois rCorr Int+4}
rPois   +          Reflect  .   (helmet unavailable)
rElec   .          Harm     .   t - +2 cloak
rCorr   +          Rampage  .   l - +1 pair of gloves
Will    +....                   (no boots)
Stlth   ..........              (no amulet)
HPRegen 0.26/turn               e - ring of positive energy
MPRegen 0.16/turn               y - +4 ring of evasion

@: no status effects
A: permanent stasis, dig shafts and tunnels, antennae 3, four strong arms
a: Dig, Shaft Self, Renounce Religion, Recall Undead Harvest


You were on level 10 of the Dungeon.
You worshipped Yredelemnul.
Yredelemnul was aware of your devotion.
You visited 2 branches of the dungeon, and saw 16 of its levels.

You collected 638 gold pieces.

Inventory:

Hand Weapons
 a - a +0 vampiric quarterstaff
 b - a +5 quarterstaff of draining (weapon)
Missiles
 c - 3 throwing nets
 d - a javelin
 p - 10 boomerangs
 x - 8 poisoned darts (quivered)
 I - 2 curare-tipped darts
Armour
 l - a +1 pair of gloves (worn)
 r - a +0 chain mail
 s - a +0 leather armour
 t - a +2 cloak (worn)
 C - the +1 scale mail "Iddeij" (worn) {rPois rCorr Int+4}
   (You found it on level 13 of the Dungeon)

   Int:       It affects your intelligence (+4).
   rPois:     It protects you from poison.
   rCorr:     It protects you from acid and corrosion.
Jewellery
 e - a ring of positive energy (left hand)
 u - a ring of fire
 w - a ring of wizardry
 y - a +4 ring of evasion (right hand)
 L - a ring of fire
Wands
 k - a wand of flame (24)
 v - a wand of polymorph (5)
 J - a wand of iceblast (24)
Scrolls
 f - 2 scrolls of magic mapping
 B - 2 scrolls of summoning
 H - 3 scrolls of fog
 M - a scroll of identify
Potions
 g - 5 potions of curing
 h - 2 potions of haste
 i - a potion of berserk rage
 j - 4 potions of lignification
 m - 3 potions of flight
 n - 2 potions of might
 o - 4 potions of heal wounds
 q - a potion of resistance
 z - 2 potions of cancellation
 A - a potion of ambrosia
 E - a potion of brilliance
 F - 2 potions of degeneration
 K - a potion of invisibility {unknown}
Miscellaneous
 D - a piece from Xom's chessboard (15/15)
 G - a condenser vane


   Skills:
 - Level 10.0 Fighting
 - Level 10.0 Staves
 - Level 2.0 Throwing
 + Level 8.8 Armour
 - Level 2.6 Dodging
 - Level 10.0 Invocations
 - Level 10.0 Evocations


You had 11 spell levels left.
You didn't know any spells.
Your spell library contained the following spells:

 Spells                   Type           Power      Damage    Failure   Level
 Foxfire                  Conj/Fire      0%         2x1d4     61%         1
 Summon Small Mammal      Summ           0%         N/A       61%         1
 Call Canine Familiar     Summ           0%         N/A       93%         3
 Conjure Flame            Conj/Fire      0%         6-21      93%         3
 Gell's Gravitas          Tloc           0%         N/A       93%         3
 Inner Flame              Hex/Fire       0%         N/A       93%         3
 Lesser Beckoning         Tloc           0%         N/A       93%         3
 Portal Projectile        Hex/Tloc       0%         N/A       93%         3
 Summon Guardian Golem    Hex/Summ       0%         N/A       93%         3
 Teleport Other           Tloc           0%         N/A       93%         3
 Flame Wave               Conj/Fire      0%         2d4       100%        4
 Leda's Liquefaction      Hex/Erth       0%         N/A       100%        4


Dungeon Overview and Level Annotations

Branches:
Dungeon (15/15)            Temple (1/1) D:5            Lair (0/5) D:11
    Orc: D:9-12      Vaults: D:13-14     Depths: D:15

Altars:
Ashenzari
Cheibriados
Dithmenos
Elyvilon
Fedhas
Gozag
Hepliaklqana
Kikubaaqudgha
Makhleb
Nemelex Xobeh
Okawaru
Ru
Sif Muna
Trog
Uskayaw
Vehumet
Wu Jian
Xom
Yredelemnul
Zin
The Shining One

Shops:
D:7 ?   D:8 (   D:9 *   D:10 (


Innate Abilities, Weirdness & Mutations

You cannot be hasted, slowed, berserked, paralysed or teleported.
You can dig through walls and to a lower floor.
You have a pair of large antennae on your head. (SInv)
Your four strong arms can wield two-handed weapons with a shield.


Message History

There is a stone staircase leading up here.
The skeletal warrior completely misses you.
You can no longer trade souls for undead servants.
You climb upwards.
There is a stone staircase leading down here.
You sock the skeletal warrior!
The skeletal warrior is lightly damaged.
The skeletal warrior hits you with a +0 war axe.
You barely miss the skeletal warrior.
The skeletal warrior is lightly damaged.
The skeletal warrior hits you with a +0 war axe!
Nothing appears to have answered your call.
The skeletal warrior hits you with a +0 war axe.
Unknown command.
The skeletal warrior hits you with a +0 war axe!
The skeletal warrior hits you but does no damage.
Unknown command.
You hit the skeletal warrior but do no damage.
The skeletal warrior is lightly damaged.
You sock the skeletal warrior!
The skeletal warrior is moderately damaged.
The skeletal warrior hits you with a +0 war axe!
You hit the skeletal warrior but do no damage.
The skeletal warrior is moderately damaged.
The skeletal warrior closely misses you.
You hit the skeletal warrior but do no damage.
The skeletal warrior is moderately damaged.
The skeletal warrior hits you with a +0 war axe!
You hit the skeletal warrior but do no damage.
The skeletal warrior is moderately damaged.
The skeletal warrior hits you with a +0 war axe!!
* * * LOW HITPOINT WARNING * * *
Nothing appears to have answered your call.
The skeletal warrior hits you with a +0 war axe.
* * * LOW HITPOINT WARNING * * *
Unknown command.
Are you sure you want to shaft yourself?
The skeletal warrior hits you with a +0 war axe!
You die...
Your body rises from the dead as a mindless zombie.

## ############# ########### .#
#...........# #.........# .#
#...........# #....)....#
.#####...........# #.........#
.'..##...........######.........#
.##..'......(...##...##.........#
.#####..........#.....#.........#
.# #..........................#
.# #..........@..∩.)..........#
.# #..........z)..............#
## #.........>#....)#.........#
########'####...##.........# #.#
#########'###### #.# #......# ##
####.# ##########.# .# #..Z.#
#........... .# ##'######
###...........


You could see a skeletal warrior.

Vanquished Creatures
  Gastronok (D:10)
  Amaemon (D:8)
  Pikel (D:8)
  An ugly thing (D:11)
  2 cyclopes
  A gargoyle (D:10)
  An orange demon (D:8)
  2 kobold demonologists
  A troll (D:13)
  A hornet (D:7)
  2 slime creatures (D:13)
  Sigmund (D:4)
  A shadow (D:10)
  A wyvern (D:8)
  A wraith (D:13)
  Eustachio (Temple)
  17 yaks
  A steam dragon (D:6)
  Edmund (D:6)
  2 acid dragons
  An orc warrior (D:9)
  4 sky beasts
  A black bear (D:11)
  An ice beast (D:7)
  A centaur (D:8)
  A phantom (D:5)
  Blork the orc (D:5)
  A kobold brigand (D:6)
  4 bullfrogs
  4 scorpions
  8 wights (D:9)
  2 killer bees (D:8)
  2 electric eels (D:7)
  2 howler monkeys
  A lava snake (D:7)
  3 hounds
  Crazy Yiuf (D:2)
  3 orc priests
  Jessica (D:2)
  8 iguanas
  Natasha (thrice) (D:3)
  An orc wizard (D:6)
  8 adders
  A shadow imp (D:6)
  2 white imps
  An ufetubus (D:6)
  3 worms
  7 dart slugs
  14 orcs
  7 bats
  4 endoplasms
  3 giant cockroaches
  3 goblins
  15 hobgoblins
  6 jackals
  19 kobolds
  4 quokkas
  9 ball pythons
  3 frilled lizards
  6 rats
209 creatures vanquished.

Vanquished Creatures (collateral kills)
  2 two-headed ogres (D:11)
  A wyvern (D:8)
  5 yaks
  A basilisk (D:10)
  A steam dragon (D:10)
  Menkaure (D:7)
  A water moccasin (D:11)
  2 orc warriors
  2 kobold brigands
  2 bullfrogs
  A scorpion (D:11)
  2 wights (D:9)
  A killer bee (D:8)
  A jelly (D:6)
  A white imp (D:7)
  3 orcs (D:8)
  5 kobolds
32 creatures vanquished.

Vanquished Creatures (others)
  A two-headed ogre zombie (D:11)
  A spectral kobold (D:11)
  A wyvern zombie (D:8)
  2 yak zombies (D:9)
  2 bullfrog zombies (D:11)
  A sky beast zombie (D:8)
  A howler monkey zombie (D:10)
  An adder zombie (D:6)
  A ball python (D:2)
  A kobold zombie (D:6)
  6 orc zombies
  A spectral ufetubus (D:6)
  32 fungi (D:11)
  30 plants (D:11)
81 creatures vanquished.

Grand Total: 322 creatures vanquished

Notes
Turn   | Place    | Note
-------+----------+-------------------------------------------
     0 | D:1      | MisterFreud the Formicid Gladiator began the quest for the
                  | Orb.
     0 | D:1      | Reached XP level 1. HP: 16/16 MP: 1/1
    72 | D:1      | Reached XP level 2. HP: 20/22 MP: 2/2
   470 | D:1      | Reached XP level 3. HP: 24/27 MP: 3/3
   497 | D:1      | You are sucked into a shaft and drop 1 floor!
  1300 | D:2      | Reached XP level 4. HP: 15/33 MP: 4/4
  1636 | D:2      | Noticed Jessica
  1640 | D:2      | Found a faded altar of an unknown god.
  1643 | D:2      | Killed Jessica
  1644 | D:2      | Reached skill level 5 in Staves
  1969 | D:2      | Found a runed translucent door.
  1970 | D:2      | Noticed Crazy Yiuf
  2114 | D:3      | Reached XP level 5. HP: 38/38 MP: 5/5
  2334 | D:3      | Found an ornate altar of the Wu Jian Council.
  2669 | D:3      | Noticed Natasha
  2676 | D:3      | Killed Natasha
  2911 | D:3      | Noticed Natasha
  2922 | D:3      | Killed Natasha
  2923 | D:3      | Reached skill level 1 in Armour
  2923 | D:3      | Reached XP level 6. HP: 46/46 MP: 6/6
  2950 | D:3      | Found a sacrificial altar of Ru.
  3191 | D:4      | Noticed Sigmund
  3206 | D:4      | Killed Sigmund
  3207 | D:4      | Reached XP level 7. HP: 39/54 MP: 7/7
  3507 | D:3      | Noticed Natasha
  3519 | D:3      | Killed Natasha
  3653 | D:2      | Killed Crazy Yiuf
  3800 | D:4      | Found a sparkling altar of Nemelex Xobeh.
  4011 | D:5      | Entered Level 5 of the Dungeon
  4193 | D:5      | Reached XP level 8. HP: 57/61 MP: 8/8
  4414 | D:5      | Found a glowing golden altar of the Shining One.
  4418 | D:5      | Noticed Blork the orc
  4435 | D:5      | Killed Blork the orc
  4436 | D:5      | Reached skill level 5 in Fighting
  4436 | D:5      | Reached skill level 5 in Armour
  4694 | D:5      | Found a staircase to the Ecumenical Temple.
  4696 | D:5      | Noticed Eustachio
  4727 | Temple   | Entered the Ecumenical Temple
  4735 | Temple   | Killed Eustachio
  4999 | Temple   | Became a worshipper of Yredelemnul the Dark
  5318 | D:5      | Reached * piety under Yredelemnul
  5462 | D:5      | Found a white marble altar of Elyvilon.
  5518 | D:6      | Noticed Edmund
  5534 | D:6      | Killed Edmund
  5810 | D:6      | Found an ancient bone altar of Kikubaaqudgha.
  5813 | D:6      | Found a snail-covered altar of Cheibriados.
  5840 | D:6      | Reached XP level 9. HP: 69/69 MP: 9/9
  7218 | D:7      | Found Waakhlask's Magic Scroll Shop.
  7227 | D:7      | Noticed Menkaure
  7229 | D:7      | Noticed a hornet
  7238 | D:7      | You fall into a shaft and drop 2 floors!
  7483 | D:8      | Noticed Amaemon
  7483 | D:8      | Noticed an orange demon
  7531 | D:9      | Reached skill level 10 in Staves
  7542 | D:9      | Reached skill level 1 in Invocations
  7800 | D:9      | Reached skill level 5 in Invocations
  7800 | D:9      | Reached XP level 10. HP: 27/76 MP: 12/14
  7802 | D:9      | You fall into a shaft and drop 1 floor!
  7802 | D:10     | Entered Level 10 of the Dungeon
  8053 | D:8      | Found Suhuymexi's Antique Weapon Shoppe.
  8162 | D:8      | Reached ** piety under Yredelemnul
  8292 | D:8      | Noticed Pikel
  8307 | D:8      | Killed Pikel
  8414 | D:8      | You fall into a shaft and drop 3 floors!
  8414 | D:11     | You fall into a shaft and drop 2 floors!
  8590 | D:13     | Identified the +1 scale mail "Iddeij" {rPois rCorr Int+4}
  8626 | D:13     | Noticed a brown ugly thing
  8637 | D:13     | Noticed a gargoyle
  8641 | D:13     | You fall into a shaft and drop 2 floors!
  8641 | D:15     | Entered Level 15 of the Dungeon
  9160 | D:13     | Reached skill level 10 in Invocations
  9293 | D:12     | Noticed a skeletal warrior
  9364 | D:12     | You fall into a shaft and drop 1 floor!
  9595 | D:12     | Noticed a cyclops
  9609 | D:12     | Killed a cyclops
  9610 | D:12     | Reached XP level 11. HP: 76/86 MP: 18/18
  9672 | D:10     | Found Waikulam's Weapon Shoppe.
  9727 | D:10     | Noticed Gastronok
 10005 | D:9      | Reached *** piety under Yredelemnul
 10012 | D:9      | Reached **** piety under Yredelemnul
 10012 | D:9      | Reached skill level 10 in Fighting
 10016 | D:9      | Reached skill level 1 in Evocations
 10021 | D:9      | Reached ***** piety under Yredelemnul
 10232 | D:9      | Found Fohoeng's Mass Market.
 10748 | D:7      | Killed Menkaure
 10952 | D:7      | Reached skill level 5 in Evocations
 11667 | D:8      | Killed Amaemon
 11904 | D:8      | Found a shimmering altar of Xom.
 12218 | D:10     | Identified the +8 chain mail of Lueqeaps {Stlth+}
 12334 | D:10     | Killed Gastronok
 12614 | D:10     | Reached XP level 12. HP: 93/97 MP: 19/19
 12989 | D:10     | Reached skill level 10 in Evocations
 13059 | D:11     | Noticed a two-headed ogre
 13071 | D:11     | Killed a two-headed ogre
 13095 | D:11     | Found a staircase to the Lair.
 13217 | D:11     | Noticed a two-headed ogre
 13226 | D:11     | Killed a two-headed ogre
 13453 | D:11     | Noticed a skeletal warrior
 13453 | D:11     | Noticed a skeletal warrior
 13453 | D:11     | Noticed a skeletal warrior
 13453 | D:11     | Noticed a skeletal warrior
 13453 | D:11     | Noticed a skeletal warrior
 13478 | D:10     | Slain by a skeletal warrior

Illustrated notes

Levels and vault maps discovered:
D:1:      dpeg_arrival_simpleton_a, layout_basic
D:2:      layout_rooms, chequers_ecumenical_altar_simple_redux,
          minmay_quadrilaterals, uniq_jessica, uniq_crazy_yiuf_cottage
D:3:      layout_rooms, amcnicky_altar_gilded,
          nicolae_ru_great_annihilating_truth, nrook_uturn, uniq_natasha
D:4:      layout_cave_pools, mainiacjoe_overflow_concentric_impassable,
          uniq_sigmund
D:5:      layout_loops_ring, mainiacjoe_overflow_chevrons,
          kennysheep_little_box, minmay_temple_entry_trees,
          corexii_hall_statues_deadend, uniq_blork_the_orc, uniq_eustachio
D:6:      layout_basic, nicolae_overflow_squiral, small_statue_intersection,
          uniq_edmund
D:7:      layout_gridville, serial_shops, nicolae_square_shop,
          nicolae_lava_and_water, mumra_transporter_accident, uniq_menkaure
D:8:      layout_gridville, lemuel_doored_altar, serial_shops, shop,
          enter_bailey_6, uniq_amaemon, uniq_pikel
D:9:      layout_roguey, minivault_26, minmay_shop_mass
D:10:     layout_roguey, serial_glass, glass_columns_a, glass_columns_b,
          serial_shops, nicolae_shop_bloodbath_and_beyond, uniq_gastronok
D:11:     layout_irregular_city, due_lair_maze_entry_diamond,
          kennysheep_orc_monster_closet_entryway, serial_shops,
          nicolae_shop_hallway_plus, gammafunk_ghost_hive
D:12:     layout_loops_ring, uniq_urug, uniq_erolcha
D:13:     layout_roguey
D:14:     layout_basic, lightli_vaults_fourway_checkpoint, serial_glass,
          glass_columns_a, glass_columns_c, glass_columns_c, glass_columns_b,
          glass_columns_c, glass_columns_b, glass_columns_a, glass_columns_a,
          minmay_strange_pillars, item_on_display_a, minmay_strange_pillars,
          minmay_guarded_unrand_vampires_tooth
D:15:     hangedman_depths_entry_try_elsewhere_first, layout_gridville,
          grunt_decor_junction, fedhas_altar_fruit_tree, uniq_josephine
Temple:   nicolae_temple_ecumenical_triangle

Skill      XL: |  1  2  3  4  5  6  7  8  9 10 11 12 |
---------------+-------------------------------------+-----
Staves         | 4 5 6 8 10 | 10.0
Armour         | 1 3 4 6 8 |  8.8
Fighting       | 4 6 8 10 | 10.0
Invocations    | 5 10 | 10.0
Evocations     | 8 10 | 10.0
Throwing       | |  2.0
Dodging        | |  2.6

Action                   |  1- 3 |  4- 6 |  7- 9 | 10-12 || total
-------------------------+-------+-------+-------+-------++-------
Melee: Quarterstaff      |    77 |   139 |   336 |   392 ||   944
       Punch             |     1 |     1 |     3 |     8 ||    13
Throw: Dart              |       |       |       |     8 ||     8
Invok: Recall Undead Har |       |       |       |     6 ||     6
       Bind Soul         |       |       |       |     1 ||     1
 Abil: Shaft Self        |     1 |       |     1 |     5 ||     7
Evoke: Wand              |       |       |     1 |     3 ||     4
       Piece from Xom's  |       |       |       |     2 ||     2
  Use: Scroll            |     2 |     5 |    10 |     5 ||    22
       Potion            |     2 |       |       |     2 ||     4
 Stab: Distracted        |     1 |       |       |     6 ||     7
       Paralysed         |       |     2 |       |       ||     2
Armor: Leather armour    |    18 |    24 |     1 |       ||    43
       Chain mail        |       |       |   194 |    44 ||   238
       Scale mail        |       |       |       |   119 ||   119
Dodge: Dodged            |    70 |    81 |   119 |   296 ||   566
